 Dungeon Crawl Stone Soup version 0.19.0-22-gd96e5fe (webtiles) character file.

875 Firecrotchwizard the Cutter (level 8, 0/54 HPs)
             Began as a Halfling Fighter on Nov 18, 2016.
             Was a Follower of Okawaru.
             Slain by Ice's ghost (2 damage)
             ... on level 5 of the Dungeon.
             The game lasted 00:17:00 (5560 turns).

Firecrotchwizard the Cutter (Halfling Fighter)      Turns: 5560, Time: 00:17:01

Health: 0/54       AC:  8    Str: 19    XL:     8   Next: 24%
Magic:  8/8        EV: 10    Int:  6    God:    Okawaru [*.....]
Gold:   204        SH: 10    Dex: 14    Spells: 0 memorised, 7 levels left

rFire  x . .     SeeInvis .     G - +3 dagger (venom)
rCold  + . .     Gourm    .     b - +0 scale mail
rNeg   . . .     Faith    .     c - +0 shield
rPois  .         Spirit   .     j - +1 hat
rElec  .         Reflect  .     (no cloak)
rCorr  .         Harm     .     (no gloves)
MR     .....                    (no boots)
Stlth  ..........               (no amulet)
                                (no ring)
                                l - ring of ice

@: drained
A: mutation resistance 1
a: Heroism, Renounce Religion


You were on level 5 of the Dungeon.
You worshipped Okawaru.
Okawaru was aware of your devotion.
You were not hungry.

You visited 2 branches of the dungeon, and saw 6 of its levels.

You collected 204 gold pieces.

Inventory:

Hand Weapons
 a - a +0 rapier
 x - a +0 hunting sling
 y - a +2 dagger of freezing
 B - a +0 dagger of electrocution
 G - a +3 dagger of venom (weapon)
Missiles
 v - 40 stones (quivered)
Armour
 b - a +0 scale mail (worn)
 c - a +0 shield (worn)
 j - a +1 hat (worn)
Jewellery
 l - a ring of ice (left hand)
Wands
 E - a wand of slowing (35/48)
Scrolls
 d - a scroll of recharging {unknown}
 m - a scroll of fear {unknown}
 n - a scroll of noise {unknown}
 p - a scroll of fog {unknown}
 q - a scroll of enchant armour {unknown}
 s - a scroll of enchant weapon {unknown}
 u - a scroll of identify
 C - a scroll of magic mapping {unknown}
 F - a scroll of blinking {unknown}
Potions
 e - 2 potions of degeneration {unknown}
 g - a potion of curing {unknown}
 k - a potion of heal wounds {unknown}
 o - a potion of ambrosia {unknown}
 r - a potion of beneficial mutation {unknown}
 t - a potion of agility {unknown}
 z - a potion of invisibility {unknown}
 D - 3 potions of haste
Books
 A - a book of Minor Magic

   Spells                             Type                      Level
   a - Magic Dart                     Conjuration                  1
   b - Blink                          Translocation                2
   c - Call Imp                       Summoning                    2
   d - Repel Missiles                 Charms/Air                   2
   e - Slow                           Hexes                        2
   f - Conjure Flame                  Conjuration/Fire             3
   g - Mephitic Cloud                 Conjuration/Poison/Air       3
Comestibles
 f - 5 bread rations
 h - 2 meat rations
 i - 12 fruits
 w - 2 beef jerkies


   Skills:
 * Level 4.3(4.0) Fighting
 * Level 6.8(6.5) Short Blades
 + Level 1.7(1.4) Slings
 + Level 4.9(4.6) Armour
 + Level 2.1(1.8) Dodging
 + Level 0.2(0.0) Stealth
 + Level 5.4(5.1) Shields


You had 7 spell levels left.
You didn't know any spells.

Dungeon Overview and Level Annotations

Branches:
Dungeon (5/15)             Temple (1/1) D:4

Altars:
Ashenzari
Cheibriados
Dithmenos
Elyvilon
Fedhas
Makhleb
Okawaru
Qazlal
Ru
Sif Muna
Xom
Yredelemnul
The Shining One

Annotations:
D:4 mhtbhm's ghost, amateur MiFi
D:5 Ice's ghost, novice DsBe


Innate Abilities, Weirdness & Mutations

You are small and have problems with some larger weapons.
You are somewhat resistant to further mutation.


Message History

Your shield and scale mail prevent you from hitting Ice's ghost.
Ice's ghost is lightly damaged.
You hit Ice's ghost.
Ice's ghost is lightly damaged.
You block Ice's ghost's attack.
You hit Ice's ghost but do no damage.
Ice's ghost is lightly damaged.
Ice's ghost hits you!
* * * LOW HITPOINT WARNING * * *
x2 You closely miss Ice's ghost.
Ice's ghost is lightly damaged.
You block Ice's ghost's attack.
Your shield prevents you from hitting Ice's ghost.
Ice's ghost is lightly damaged.
You hit Ice's ghost.
Ice's ghost is lightly damaged.
Ice's ghost hits you.
* * * LOW HITPOINT WARNING * * *
You feel drained.
You die...

........# #...........#
........# ###.######....#
.>.....)#######<..# #....##
...............#### #....#
...............# #....#
...............########....###
#########.......................
.......##........###############
#....>....W@................
#..###############....###...
#..# #....# #.## #..# #....#
#.#. #.####.รท## ###### #.#.
#........# #.#.
#####....########## #.##
#........).......# #.##
#........#######.# #...


You could see Ice's ghost.

Vanquished Creatures
  Edmund (D:5)
  An ice beast (D:5)
  An ogre (D:4)
  A centaur (D:4)
  A bullfrog (D:4)
  A crimson imp (D:5)
  A gnoll shaman (D:5)
  An iguana (D:4)
  4 orc wizards
  2 worker ants
  A hound skeleton (D:5)
  3 gnolls (D:5)
  8 adders
  An adder zombie (D:5)
  An adder skeleton (D:4)
  2 leopard geckos
  8 orcs
  3 giant cockroaches
  3 goblins
  10 hobgoblins
  6 jackals
  A quokka (D:4)
  5 ball pythons
  11 bats
  4 frilled lizards
  11 kobolds
  A leopard gecko skeleton (D:5)
  A leopard gecko zombie (D:5)
  6 rats
100 creatures vanquished.

Notes
Turn   | Place    | Note
-------+----------+-------------------------------------------
     0 | D:1      | Firecrotchwizard the Halfling Fighter began the quest for the Orb.
     0 | D:1      | Reached XP level 1. HP: 15/15 MP: 1/1
   248 | D:1      | Reached XP level 2. HP: 20/20 MP: 2/2
   552 | D:1      | Reached skill level 3 in Short Blades
   552 | D:1      | Reached XP level 3. HP: 25/26 MP: 3/3
   958 | D:2      | Found a blossoming altar of Fedhas.
  1113 | D:2      | Reached XP level 4. HP: 30/31 MP: 4/4
  1939 | D:3      | Reached skill level 4 in Short Blades
  2414 | D:3      | Reached XP level 5. HP: 36/36 MP: 5/5
  2602 | D:4      | Found a staircase to the Ecumenical Temple.
  2602 | D:4      | Noticed an ogre
  2617 | D:4      | Killed an ogre
  2617 | D:4      | Reached XP level 6. HP: 5/42 MP: 6/6
  2895 | Temple   | Entered the Ecumenical Temple
  2966 | Temple   | Became a worshipper of Warmaster Okawaru
  3186 | D:4      | Reached skill level 5 in Short Blades
  3321 | D:4      | Reached skill level 1 in Dodging
  3700 | D:4      | Reached skill level 1 in Slings
  3719 | D:4      | Reached XP level 7. HP: 31/47 MP: 7/7
  4076 | D:4      | Noticed mhtbhm's ghost (amateur MiFi)
  4432 | D:5      | Entered Level 5 of the Dungeon
  4471 | D:5      | Noticed Edmund
  4502 | D:5      | Killed Edmund
  4502 | D:5      | Reached skill level 6 in Short Blades
  4658 | D:5      | Reached * piety under Okawaru
  4658 | D:5      | Reached skill level 5 in Shields
  4684 | D:5      | Reached XP level 8. HP: 33/54 MP: 8/8
  5543 | D:5      | Noticed Ice's ghost (novice DsBe)
  5560 | D:5      | HP: 2/54 [Ice's ghost (5)]
  5560 | D:5      | Slain by Ice's ghost

Skill      XL: |  1  2  3  4  5  6  7  8 |
---------------+-------------------------+-----
Fighting       | 3 4 |  4.3
Short Blades   | 3 4 5 6 |  6.8
Armour         | 4 |  4.9
Shields        | 4 5 |  5.4
Dodging        | 1 2 |  2.1
Slings         | 1 |  1.7
Stealth        | |  0.2

Action                   |  1- 3 |  4- 6 |  7- 9 || total
-------------------------+-------+-------+-------++-------
Melee: Rapier            |   126 |    84 |       ||   210
       Dagger            |       |    86 |   208 ||   294
 Fire: Hunting sling     |       |     6 |       ||     6
Invok: Heroism           |       |       |     1 ||     1
  Use: Scroll            |     2 |       |     2 ||     4
       Potion            |       |       |     1 ||     1
  Eat: Chunk             |       |     7 |     3 ||    10
       Pizza             |       |     1 |       ||     1
       Royal jelly       |       |       |     2 ||     2
Armor: Scale mail        |    47 |    47 |    37 ||   131
Dodge: Dodged            |    45 |    42 |    40 ||   127
Block: Shield            |    66 |    70 |    63 ||   199
